 Dungeon Crawl Stone Soup version 0.16.2-12-gd0ad4c3 (webtiles) character file.

23004 Kira the Unseen (level 12, -2/56 HPs)
             Began as a Spriggan Enchanter on Oct 20, 2015.
             Was an Elder of Nemelex Xobeh.
             Killed by divine providence
             ... invoked by an orc priest
              (8 damage)
             ... on level 3 of the Orcish Mines.
             The game lasted 03:02:57 (16233 turns).

Kira the Unseen (Spriggan Enchanter)               Turns: 16233, Time: 03:02:57

Health: -2/56      AC:  3    Str:  4    XL:     12   Next: 68%
Magic:  19/35      EV: 27    Int: 27    God:    Nemelex Xobeh [****..]
Gold:   1205       SH:  0    Dex: 17    Spells: 5 memorised, 23 levels left

rFire  . . .     SeeInvis +     d - +1 dagger (drain)
rCold  . . .     Clarity  .     b - +1 robe
rNeg   . . .     SustAb   .     (shield restricted)
rPois  .         Gourm    .     (helmet restricted)
rElec  .         Spirit   .     (no cloak)
rCorr  +         Warding  .     (gloves unavailable)
rMut   .         Stasis   .     (boots unavailable)
MR     ++...                    s - amulet of resist corrosion
Stlth  ++++++++..               i - ring of wizardry
                                O - +6 ring of intelligence (curse)

@: very quick, very resistant to hostile enchantments, extraordinarily stealthy
A: unfitting armour, see invisible, herbivore 3, speed 3, slow metabolism 2
a: Triple Draw, Deal Four, Renounce Religion


You were on level 3 of the Orcish Mines.
You worshipped Nemelex Xobeh.
Nemelex Xobeh was greatly pleased with you.
You were not hungry.

You visited 3 branches of the dungeon, and saw 16 of its levels.
You also visited: Bailey.

You collected 1205 gold pieces.

Inventory:

Hand weapons
 d - a +1 dagger of draining (weapon)
Armour
 b - a +1 robe (worn)
Jewellery
 i - a ring of wizardry (right hand)
 s - an amulet of resist corrosion (around neck)
 O - a cursed +6 ring of intelligence (left hand)
Magical devices
 t - a wand of slowing (19)
 E - a wand of cold (6)
 I - a wand of digging (16)
 M - a wand of magic darts (8)
 Q - a wand of heal wounds (4)
 X - a wand of flame (30)
Scrolls
 e - 11 scrolls of remove curse
 f - 4 scrolls of recharging {unknown}
 g - 10 scrolls of identify
 j - 5 scrolls of blinking {unknown}
 l - 4 scrolls of random uselessness {unknown}
 n - a scroll of magic mapping {unknown}
 o - 3 scrolls of teleportation
 v - a scroll of fog {unknown}
 w - 5 scrolls of enchant armour {unknown}
 y - a scroll of immolation {unknown}
 C - a scroll of torment {unknown}
 D - 2 scrolls of enchant weapon {unknown}
 F - 2 scrolls of amnesia {unknown}
 G - a scroll of summoning {unknown}
 P - a scroll of brand weapon {unknown}
 U - a scroll of holy word {unknown}
 V - 2 scrolls of noise {unknown}
Potions
 a - a potion of agility {unknown}
 h - 6 potions of curing {unknown}
 k - a potion of restore abilities {unknown}
 m - a potion of magic {unknown}
 p - 4 potions of heal wounds {unknown}
 r - 3 potions of resistance {unknown}
 u - 2 potions of brilliance {unknown}
 z - a potion of haste {unknown}
 A - 2 potions of beneficial mutation {unknown}
 B - a potion of experience {unknown}
 J - a potion of cancellation {unknown}
 N - a potion of flight {unknown}
 R - a potion of poison {unknown}
 S - a potion of ambrosia {unknown}
Miscellaneous
 c - an ornate deck of war
 H - a plain deck of war
 T - an ornate deck of escape
 W - a plain deck of escape {drawn: 2}
 Y - a plain deck of destruction
 Z - an ornate deck of destruction {drawn: 3}
Comestibles
 q - 7 bread rations
 x - 7 fruits


   Skills:
 + Level 3.0 Fighting
 + Level 4.1 Short Blades
 + Level 10.9 Dodging
 - Level 17.0 Stealth
 + Level 12.3 Spellcasting
 + Level 11.4 Hexes
 - Level 1.3 Charms
 * Level 10.7 Evocations


You had 23 spell levels left.
You knew the following spells:

 Your Spells              Type           Power        Failure   Level  Hunger
a - Corona                Hex            ######.      1%          1    None
b - Ensorcelled Hibernat  Hex/Ice        #####.       1%          2    None
c - Confuse               Hex            ######..     1%          3    None
d - Enslavement           Hex            ######..     1%          4    None
e - Sure Blade            Hex/Chrm       ######....   1%          2    None


Dungeon Overview and Level Annotations

Branches:
Dungeon (12/15)            Temple (1/1) D:7            Lair (0/8) D:9
    Orc (3/4) D:9
    Elf: Orc:3-4

Altars:
Ashenzari
Cheibriados
Dithmenos
Elyvilon
Fedhas
Gozag
Kikubaaqudgha
Makhleb
Nemelex Xobeh
Okawaru
Qazlal
Ru
Sif Muna
Trog
Vehumet
Xom
Yredelemnul
Zin
The Shining One
Beogh

Shops:
D:9 (   D:12 %   Orc:2 =


Innate Abilities, Weirdness & Mutations

You are tiny and cannot use many weapons and most armour.
You have supernaturally acute eyesight.
You are a herbivore.
You cover ground extremely quickly.
You need consume almost no food.


Message History

The orc shouts!
The orc knight roars a battlecry!
The orc priest goes into a battle-frenzy!
The orc priest shouts!
Casting: Ensorcelled Hibernation
Confirm with . or Enter, or press ? or * to list all spells.
Aiming: Ensorcelled Hibernation
Press: ? - help, Shift-Dir - straight line, f - orc knight, p - orc warrior
Aim: an orc knight, wielding a battleaxe and wearing a plate armour (chance 53%)
The orc knight resists with some effort.
The orc knight hits you with a battleaxe!!!
Ouch! That really hurt!
The orc priest calls down the wrath of Beogh upon you.
Something smites you!
* * * LOW HITPOINT WARNING * * *
The orc knight misses you. The orc warrior completely misses you.
The orc priest mumbles some strange prayers to Beogh against you.
Something smites you!
You die...
Your body glows slightly and disappears.

# . . ## ### ##
.#.## ##.####.##
.<..# #..#)#@..#
†....# ###)o.oo#.##
......# #..)...o..#
.....#####..)o.....#
.>...##.)...o.....##
o....$#.....##..<.#
............#.......
##o.........##.#....
##.##......######..


You could see an orc knight, an orc warrior (frenzied), 2 orc priests and 2
orcs.

Vanquished Creatures
  An orc warlord (Bailey)
  Harold (D:10)
  The ghost of bezhaha the Tortoise, an experienced MiFi of Okawaru (D:8)
  2 unseen horrors (D:10)
  A skeletal warrior (D:11)
  Erolcha (D:9)
  Pikel (D:9)
  A hill giant (D:12)
  2 orc knights (Bailey)
  A cyclops (D:11)
  A centaur skeleton (D:10)
  A kobold demonologist (D:12)
  2 two-headed ogres (D:12)
  5 trolls
  A basilisk (D:11)
  A human (D:7)
  24 yaks
  Eustachio (D:6)
  A hungry ghost (D:10)
  A steam dragon (D:11)
  3 wolves (D:9)
  Edmund (D:7)
  2 water moccasins
  4 wargs
  A sky beast (D:7)
  A soldier ant (D:10)
  20 orc warriors
  A wasp (D:12)
  2 black bears
  2 phantoms
  4 ogres
  An ice beast (D:10)
  3 centaurs
  6 big kobolds
  5 giant frogs
  13 wights
  4 killer bees (D:12)
  5 scorpions
  2 vampire bats (D:9)
  6 crimson imps
  A giant frog zombie (D:10)
  3 goliath beetles
  A quasit (D:12)
  13 orc priests
  A wasp zombie (D:11)
  3 giant frog skeletons
  8 hounds
  11 jellies
  A gnoll shaman (D:9)
  An iron imp (D:6)
  7 worker ants
  2 iguanas
  17 orc wizards
  6 sheep
  A killer bee zombie (D:8)
  Terence (D:2)
  14 gnolls (Bailey)
  2 shadow imps (D:7)
  11 adders
  2 worms
  3 adder skeletons
  7 giant geckos
  86 orcs
  17 bats
  7 bat skeletons
  A bat zombie (D:9)
  31 hobgoblins
  13 jackals
  21 kobolds
  13 oozes (D:8)
  5 quokkas
  2 ball pythons
  9 giant cockroaches
  3 giant gecko skeletons
  6 giant newts
  2 giant spores
  36 goblins
  2 goblin skeletons (D:6)
  A goblin zombie (D:6)
  4 hobgoblin zombies
  A kobold zombie (D:6)
  An orc skeleton (D:6)
  2 orc zombies (D:6)
  A quokka skeleton (D:7)
  17 rats
  5 ballistomycetes
538 creatures vanquished.

Vanquished Creatures (collateral kills)
  4 skeletal warriors (D:11)
  An oklob plant (D:8)
  An orc wizard (Orc:1)
  An ooze (D:8)
  2 orcs (Orc:1)
9 creatures vanquished.

Vanquished Creatures (others)
  A player illusion (D:11)
  A rust devil (D:11)
  A hellwing (D:11)
  A hungry ghost (D:9)
  2 hell hounds (D:11)
  2 slaves (D:9)
  A big kobold (D:12)
  An electric eel (D:9)
  A hound (D:9)
  A giant frog skeleton (D:10)
  A jackal (D:9)
  6 kobolds (D:12)
  A giant spore (D:12)
  6 fungi (D:8)
26 creatures vanquished.

Grand Total: 573 creatures vanquished

Notes
Turn   | Place    | Note
--------------------------------------------------------------
     0 | D:1      | Kira, the Spriggan Enchanter, began the quest for the Orb.
     0 | D:1      | Reached XP level 1. HP: 9/9 MP: 4/4
   315 | D:1      | Reached skill level 5 in Stealth
   315 | D:1      | Reached XP level 2. HP: 10/13 MP: 7/7
   319 | D:1      | Learned a level 2 spell: Ensorcelled Hibernation
   860 | D:2      | Reached XP level 3. HP: 9/16 MP: 0/9
  1103 | D:2      | Noticed Terence
  1114 | D:2      | Reached skill level 6 in Stealth
  1197 | D:1      | Learned a level 3 spell: Confuse
  1367 | D:2      | Killed Terence
  1419 | D:2      | Reached XP level 4. HP: 21/21 MP: 3/13
  2244 | D:3      | Reached XP level 5. HP: 24/24 MP: 3/17
  2815 | D:3      | Reached skill level 7 in Stealth
  2910 | D:4      | Reached XP level 6. HP: 27/29 MP: 20/20
  3400 | D:5      | Entered Level 5 of the Dungeon
  3434 | D:5      | You fall through a shaft!
  3570 | D:6      | Found a glowing golden altar of the Shining One.
  3593 | D:6      | Reached skill level 8 in Stealth
  3593 | D:6      | Reached skill level 5 in Hexes
  3708 | D:6      | Found a shimmering altar of Xom.
  3860 | D:6      | Reached XP level 7. HP: 32/32 MP: 5/22
  3996 | D:6      | Reached skill level 1 in Fighting
  3996 | D:6      | Reached skill level 9 in Stealth
  3996 | D:6      | Reached skill level 5 in Spellcasting
  4017 | D:6      | Noticed Eustachio
  4025 | D:6      | Killed Eustachio
  4443 | D:7      | Found a staircase to the Ecumenical Temple.
  4454 | Temple   | Entered the Ecumenical Temple
  4618 | Temple   | Became a worshipper of Nemelex Xobeh the Trickster
  4656 | D:7      | Reached skill level 5 in Dodging
  4670 | D:7      | Received a gift from Nemelex Xobeh
  4694 | D:7      | Found a deep blue altar of Sif Muna.
  4741 | D:7      | Reached skill level 10 in Stealth
  4750 | D:7      | Reached XP level 8. HP: 22/37 MP: 15/24
  5105 | D:7      | Noticed a human
  5106 | D:7      | Noticed a yak
  5209 | D:7      | Killed a human
  5209 | D:7      | Reached skill level 11 in Stealth
  5391 | D:7      | Killed a yak
  5494 | D:7      | Noticed Edmund
  5502 | D:7      | Killed Edmund
  5584 | D:7      | Found a burning altar of Makhleb.
  5664 | D:8      | Reached XP level 9. HP: 26/41 MP: 21/28
  5798 | D:8      | Received a gift from Nemelex Xobeh
  5830 | D:8      | Noticed bezhaha's ghost (experienced MiFi)
  5844 | D:8      | Reached skill level 12 in Stealth
  6370 | D:8      | Noticed an oklob plant
  6416 | D:8      | Found a radiant altar of Vehumet.
  6429 | D:8      | Learned a level 4 spell: Enslavement
  6510 | D:8      | Killed an oklob plant
  6617 | D:8      | Learned a level 2 spell: Sure Blade
  7115 | D:8      | Killed bezhaha's ghost
  7115 | D:8      | Reached skill level 1 in Charms
  7240 | D:8      | Reached skill level 13 in Stealth
  7379 | D:8      | Found a stormy altar of Qazlal.
  7386 | D:8      | Found a blossoming altar of Fedhas.
  7392 | D:8      | Reached skill level 1 in Evocations
  7590 | D:8      | Reached XP level 10. HP: 42/46 MP: 30/30
  8108 | D:9      | Found Peihak's Weapon Shoppe.
  8351 | D:9      | Found a white marble altar of Elyvilon.
  8380 | D:9      | Found a staircase to the Orcish Mines.
  8441 | D:9      | Noticed Pikel
  8484 | D:9      | Killed Pikel
  8574 | D:9      | Found a staircase to the Lair.
  8670 | D:9      | Noticed Erolcha
  8678 | D:9      | Killed Erolcha
  8678 | D:9      | Reached skill level 14 in Stealth
  8792 | D:9      | Found an iron altar of Okawaru.
  8808 | D:9      | Reached skill level 5 in Evocations
  8823 | D:9      | Reached skill level 10 in Spellcasting
  8912 | D:9      | Received a gift from Nemelex Xobeh
  8918 | D:9      | Found an ancient bone altar of Kikubaaqudgha.
  9010 | D:10     | Entered Level 10 of the Dungeon
  9414 | D:10     | Noticed Harold
  9427 | D:10     | Killed Harold
  9427 | D:10     | Reached skill level 15 in Stealth
  9427 | D:10     | Reached XP level 11. HP: 39/51 MP: 32/32
  9557 | D:10     | Received a gift from Nemelex Xobeh
  9575 | D:10     | Acquired Nemelex Xobeh's first power
  9972 | Orc:1    | Entered Level 1 of the Orcish Mines
 10825 | Orc:1    | Found a roughly hewn altar of Beogh.
 11644 | D:10     | Noticed an unseen horror
 11648 | D:10     | Killed an unseen horror
 11805 | D:11     | Reached skill level 10 in Dodging
 11888 | D:11     | Found a flagged portal.
 11987 | Bailey   | Entered a bailey
 12318 | Bailey   | Received a gift from Nemelex Xobeh
 12489 | Bailey   | Reached skill level 10 in Hexes
 12777 | Bailey   | Noticed an orc warlord
 12810 | Bailey   | Killed an orc warlord
 12882 | Bailey   | Reached skill level 16 in Stealth
 13032 | D:11     | Reached XP level 12. HP: 56/56 MP: 32/34
 13200 | D:11     | Received a gift from Nemelex Xobeh
 13200 | D:11     | Noticed a skeletal warrior
 13200 | D:11     | Noticed a skeletal warrior
 13200 | D:11     | Noticed a skeletal warrior
 13200 | D:11     | Noticed a skeletal warrior
 13200 | D:11     | Noticed a skeletal warrior
 13276 | D:11     | Your ally Kira died
 13282 | D:11     | Killed a skeletal warrior
 13299 | D:11     | Killed a skeletal warrior
 13370 | D:11     | Killed a skeletal warrior
 13379 | D:11     | Killed a skeletal warrior
 13664 | D:11     | Acquired Nemelex Xobeh's second power
 14286 | D:11     | Killed a skeletal warrior
 14397 | D:12     | Found Kloint's Food Shoppe.
 14466 | D:12     | Reached skill level 17 in Stealth
 14706 | D:12     | Reached skill level 10 in Evocations
 14895 | D:12     | Received a gift from Nemelex Xobeh
 14931 | D:12     | Noticed a catoblepas
 15491 | Orc:2    | Received a gift from Nemelex Xobeh
 15495 | Orc:2    | Found Deptia's Jewellery Shoppe.
 15967 | Orc:1    | Found a roughly hewn altar of Beogh.
 16233 | Orc:3    | Killed from afar by an orc priest

Action                   |  1- 3 |  4- 6 |  7- 9 | 10-12 || total
-------------------------+-------+-------+-------+-------++-------
Melee: Dagger            |   110 |   225 |   301 |   745 ||  1381
 Cast: Ensorcelled Hiber |    20 |    47 |    98 |   323 ||   488
       Confuse           |     7 |     2 |    27 |    35 ||    71
       Corona            |     1 |     4 |     2 |       ||     7
       Sure Blade        |       |       |     4 |     5 ||     9
       Enslavement       |       |       |     2 |     2 ||     4
Evoke: Deck              |       |       |     4 |    18 ||    22
       Wand              |       |       |       |     2 ||     2
  Use: Scroll            |       |       |     3 |       ||     3
 Stab: Sleeping          |    19 |    55 |    64 |   230 ||   368
       Confused          |     3 |     2 |    14 |    20 ||    39
       Distracted        |       |     1 |     1 |     5 ||     7
  Eat: Bread ration      |       |     1 |       |       ||     1
       Pizza             |       |       |     1 |     9 ||    10
